 Dungeon Crawl Stone Soup version 0.18.1-48-g4cf74bf (webtiles) character file.

1121 BabyRage the Cleaver (level 8, -2/108 HPs)
             Began as a Naga Gladiator on July 20, 2016.
             Was a Follower of Makhleb.
             Slain by a hill giant
             ... wielding a +0 giant club
              (18 damage)
             ... on level 5 of the Dungeon.
             The game lasted 00:12:11 (5425 turns).

BabyRage the Cleaver (Naga Gladiator)               Turns: 5425, Time: 00:12:12

Health: -2/108     AC:  6    Str: 24    XL:     8   Next: 34%
Magic:  8/8        EV:  9    Int: 14    God:    Makhleb [*.....]
Gold:   202        SH:  0    Dex: 12    Spells: 0 memorised, 7 levels left

rFire  . . .     SeeInvis +     a - +1 war axe
rCold  . . .     Gourm    .     v - +0 ring mail
rNeg   . . .     Faith    .     (no shield)
rPois  +         Spirit   .     c - +0 helmet
rElec  .         Dismiss  .     (no cloak)
rCorr  .         Reflect  .     (no gloves)
SustAt .         Harm     .     (no barding)
MR     ++...                    (no amulet)
Stlth  ..........               (no ring)
                                g - ring of protection from magic

@: brilliant, berserking, quick, very resistant to hostile enchantments,
extremely unstealthy
A: see invisible, deformed body, poison resistance, slowness 2, slow metabolism
1, spit poison 2, AC +2
a: Spit Poison, Renounce Religion


You were on level 5 of the Dungeon.
You worshipped Makhleb.
Makhleb was aware of your devotion.
You were hungry.

You visited 2 branches of the dungeon, and saw 6 of its levels.
You also visited: Ossuary.

You collected 202 gold pieces.

Inventory:

Hand Weapons
 a - a +1 war axe (weapon)
Armour
 c - a +0 helmet (worn)
 v - a +0 ring mail (worn)
Jewellery
 g - a ring of protection from magic (left hand)
Wands
 d - a wand of paralysis (10/24)
 n - a wand of slowing (16/48)
Scrolls
 m - a scroll of teleportation
 q - 3 scrolls of magic mapping
 s - a scroll of amnesia
 w - a scroll of remove curse
Potions
 i - 3 potions of heal wounds
 j - 2 potions of curing
 l - a potion of flight {unknown}
 o - a potion of degeneration {unknown}
 p - 2 potions of mutation {unknown}
 r - a potion of cancellation {unknown}
Comestibles
 b - 3 fruits
 f - 2 bread rations
 t - 2 beef jerkies
 u - a slice of pizza


   Skills:
 + Level 3.7 Fighting
 * Level 9.5 Axes
 - Level 1.7 Throwing
 - Level 2.4 Dodging


You had 7 spell levels left.
You didn't know any spells.

Dungeon Overview and Level Annotations

Branches:
Dungeon (5/15)             Temple (1/1) D:4

Altars:
Ashenzari
Cheibriados
Dithmenos
Elyvilon
Fedhas
Gozag
Kikubaaqudgha
Makhleb
Nemelex Xobeh
Okawaru
Pakellas
Qazlal
Sif Muna
Trog
Vehumet
Xom
Yredelemnul
Zin
The Shining One


Innate Abilities, Weirdness & Mutations

You cannot wear boots.
Your serpentine skin is tough (AC +2).
You have supernaturally acute eyesight.
Armour fits poorly on your strangely shaped body.
Your system is resistant to poisons.
You cover ground very slowly.
You have a slow metabolism.
You can spit poison.


Message History

You feel yourself moving faster!
You feel mighty!
The hill giant hits you with a giant club!
You slice the hill giant!!
The hill giant is moderately wounded.
You slash the ogre!
The ogre is severely wounded.
The ogre misses you.
You hit the hill giant.
The hill giant is heavily wounded.
You slash the ogre!
You kill the ogre!
Makhleb accepts your kill.
The hill giant hits you with a giant club!!
* * * LOW HITPOINT WARNING * * *
You slice the hill giant!!
The hill giant is severely wounded.
You slash the hill giant!
The hill giant is almost dead.
The hill giant hits you with a giant club!!
You die...

##### #.######.###.#### #...#
#.#......# #.....
########<..###.#.####.###.####
.......(.>...#.#.# ##.....##
.#####...........###.......#
#............##.......#
###...##..##.##.).....#
#...##C)# ..........#
######@.#####.......#
#..........)...#
#.######.......# #.
##########.############.# #.#
#......(.......... #.# #.#
#.#######.#########.###.###
#.# #.# #.# #.......C #.# #.#
#.# #####.... #.# #.## #.#
#####


You could see a hill giant.

Vanquished Creatures
  2 ogres
  An elf zombie (Ossuary)
  3 scorpions
  2 howler monkeys (D:5)
  A crimson imp (D:5)
  3 centaur zombies (Ossuary)
  An orc priest (D:5)
  3 hounds
  4 orc wizards (D:5)
  An iguana (D:4)
  2 big kobold zombies (Ossuary)
  3 mummies (Ossuary)
  6 adders
  3 adder zombies (Ossuary)
  A worm (D:3)
  4 dart slugs
  2 giant geckos (D:2)
  12 orcs
  5 giant cockroaches
  2 gnoll zombies (Ossuary)
  5 goblins
  9 hobgoblins
  11 jackals
  2 quokkas (D:2)
  A ball python (D:3)
  7 bats
  8 giant newts
  4 goblin zombies (Ossuary)
  3 hobgoblin zombies (Ossuary)
  2 jackal zombies (Ossuary)
  4 kobolds
  3 kobold zombies (Ossuary)
  3 orc zombies (Ossuary)
  4 quokka zombies (Ossuary)
  3 rats
  7 rat zombies (Ossuary)
137 creatures vanquished.

Vanquished Creatures (others)
  An orc wizard (D:5)
1 creature vanquished.

Grand Total: 138 creatures vanquished

Notes
Turn   | Place    | Note
--------------------------------------------------------------
     0 | D:1      | BabyRage the Naga Gladiator began the quest for the Orb.
     0 | D:1      | Reached XP level 1. HP: 19/19 MP: 1/1
   111 | D:1      | Reached XP level 2. HP: 17/26 MP: 2/2
   328 | D:1      | Reached skill level 4 in Axes
   469 | D:1      | Reached XP level 3. HP: 30/32 MP: 3/3
   745 | D:2      | Found an ancient bone altar of Kikubaaqudgha.
  1128 | D:2      | Reached XP level 4. HP: 26/39 MP: 4/4
  1295 | D:2      | Reached skill level 5 in Axes
  2018 | D:3      | Noticed an ogre
  2024 | D:3      | Killed an ogre
  2024 | D:3      | Reached skill level 6 in Axes
  2024 | D:3      | Reached XP level 5. HP: 45/45 MP: 5/5
  2495 | D:3      | Found a snail-covered altar of Cheibriados.
  2553 | D:4      | Found a sand-covered staircase.
  2562 | Ossuary  | Entered an ossuary
  2655 | Ossuary  | Reached XP level 6. HP: 46/52 MP: 6/6
  3094 | Ossuary  | Reached skill level 7 in Axes
  3433 | Ossuary  | Reached XP level 7. HP: 40/60 MP: 7/7
  3830 | D:4      | Reached skill level 8 in Axes
  4401 | D:4      | Found a staircase to the Ecumenical Temple.
  4413 | Temple   | Entered the Ecumenical Temple
  4512 | Temple   | Became a worshipper of Makhleb the Destroyer
  4620 | D:5      | Entered Level 5 of the Dungeon
  4666 | D:5      | Noticed a hill giant
  4861 | D:5      | Reached skill level 9 in Axes
  4861 | D:5      | Reached XP level 8. HP: 38/69 MP: 8/8
  5020 | D:5      | Paralysed by an orc wizard for 6 turns
  5284 | D:5      | Reached * piety under Makhleb
  5425 | D:5      | Slain by a hill giant

Skill      XL: |  1  2  3  4  5  6  7 |
---------------+----------------------+-----
Axes           | 4 6 7 9 |  9.5
Fighting       | 3 |  3.7
Throwing       | |  1.7
Dodging        | |  2.4

Action                   |  1- 3 |  4- 6 |  7- 9 || total
-------------------------+-------+-------+-------++-------
Melee: War axe           |    81 |   208 |    94 ||   383
Throw: Throwing net      |       |     1 |     2 ||     3
 Abil: Spit Poison       |    28 |    18 |    25 ||    71
  Use: Scroll            |       |     7 |     4 ||    11
       Potion            |       |       |     3 ||     3
 Stab: Held in net/web   |       |     1 |       ||     1
  Eat: Chunk             |     1 |     6 |     3 ||    10
       Meat ration       |       |     1 |       ||     1
Armor: Leather armour    |    43 |    53 |    21 ||   117
       Ring mail         |       |       |     3 ||     3
Dodge: Dodged            |    60 |   100 |    46 ||   206
